 Dungeon Crawl Stone Soup version 0.26.1-11-gd32895ea62 (webtiles) character file.

Game seed: 16500763138078828276

114 tizbic2 the Ruffian (level 4, -7/42 HPs)
             Began as an Ogre Transmuter on June 26, 2021.
             Was a Follower of Uskayaw.
             Mangled by an orc priest
             ... wielding a +0 mace
              (12 damage)
             ... on level 3 of the Dungeon.
             The game lasted 00:10:38 (2188 turns).

tizbic2 the Ruffian (Ogre Transmuter)               Turns: 2188, Time: 00:10:39

Health: -7/42      AC:  3    Str: 14    XL:     4   Next: 98%
Magic:  8/9        EV: 10    Int: 14    God:    Uskayaw [*.....]
Gold:   134        SH:  0    Dex: 10    Spells: 5/9 levels left

rFire    x . .     SeeInvis .     - Unarmed
rCold    + . .     Faith    .   (no shield)
rNeg     + . .     Spirit   .   a - +0 robe
rPois    .         Reflect  .   (helmet currently unavailable)
rElec    .         Harm     .   (no cloak)
rCorr    .         Rampage  .   (gloves unavailable)
Will     .....                  (boots unavailable)
Stlth    +.........             (no amulet)
HPRegen  0.14/turn              f - ring of positive energy
MPRegen  0.11/turn              e - ring of ice

@: appendages (expiring)
A: large, unfitting armour, horns 2, talons 2, tough skin 1
a: End Transformation, Renounce Religion, Stomp


You were on level 3 of the Dungeon.
You worshipped Uskayaw.
Uskayaw was noncommittal.
You had grown temporary horns.
You had grown temporary talons.
You visited 1 branch of the dungeon, and saw 3 of its levels.

You collected 134 gold pieces.

Inventory:

Armour
 a - a +0 robe (worn)
 b - a +2 hat (melded)
Jewellery
 e - a ring of ice (right hand)
 f - a ring of positive energy (left hand)
Scrolls
 d - a scroll of remove curse
 i - 4 scrolls of amnesia {unknown}
 j - a scroll of fog {unknown}
Potions
 c - 3 potions of curing {unknown}
 g - 2 potions of lignification {unknown}
 h - a potion of haste {unknown}


   Skills:
 + Level 2.0 Fighting
 - Level 1.7 Dodging
 * Level 4.2 Unarmed Combat
 + Level 3.3 Spellcasting
 + Level 2.2 Transmutations


You had 5 spell levels left.
You knew the following spells:

 Your Spells              Type           Power        Failure   Level
a - Beastly Appendage     Tmut           16%          9%          1
b - Spider Form           Tmut/Pois      2%           36%         3

Your spell library contained the following spells:

 Spells                   Type           Power        Failure   Level
 Wereblood                Tmut           8%           13%         2
 Ice Form                 Ice/Tmut       8%           78%         4
 Blade Hands              Tmut           4%           93%         5


Dungeon Overview and Level Annotations

Branches:
Dungeon (3/15)

Altars:
Ashenzari
Uskayaw


Innate Abilities, Weirdness & Mutations

You are too large for most types of armour.
You have tough skin. (AC +1)
You have a pair of horns on your head.
You have razor-sharp toenails.


Message History

The orc priest hits you with a +0 mace!
Casting: Beastly Appendage (safe; 9% risk of failure)
Confirm with . or Enter, or press ? or * to list all spells.
You grow a pair of large bovine horns.
Your feet morph into talons.
Your +2 hat melds into your body.
The orc closely misses you. x2
The orc priest calls down the wrath of Beogh upon you.
Beogh smites you! The orc hits you but does no damage.
The orc priest hits you with a +0 mace.
You hit the orc priest.
You headbutt the orc priest, but do no damage.
The orc priest is moderately wounded.
The orc barely misses you. The orc hits you with a cursed +0 club.
* * * LOW HITPOINT WARNING * * *
The orc hits you with a +0 dagger.
* * * LOW HITPOINT WARNING * * *
You hit the orc priest.
The orc priest is heavily wounded.
Your transformation is almost over.
The orc priest hits you with a +0 mace!
You die...

#######'#.#.#
#.##..##
###.#.#.###.# ...
#...........# ##
#.#.#.#.###.#
#.#...... ...
#.#.#.#.###.#
#.#.#.#.# #.#
####.#.# #.#
#...@#.#.....
#..oo#.#.#.##
#....#.......
####...o........
#..'.....##.#.#
#.##..)#.#
#.##...#.#
#.##..†#.# .##
#####.##...#.##.....


You could see an orc priest and 2 orcs.

Vanquished Creatures
  A hound (D:3)
  2 adders
  2 oozes
  3 dart slugs
  4 leopard geckos (D:1)
  3 bats
  7 giant cockroaches
  5 goblins
  3 hobgoblins
  2 jackals (D:1)
  7 kobolds
  A ball python (D:1)
  5 frilled lizards
  A rat (D:1)
46 creatures vanquished.

Notes
Turn   | Place    | Note
-------+----------+-------------------------------------------
     0 | D:1      | tizbic2 the Ogre Transmuter began the quest for the Orb.
     0 | D:1      | Reached XP level 1. HP: 19/19 MP: 3/3
   323 | D:1      | Reached skill level 3 in Unarmed Combat
   323 | D:1      | Reached XP level 2. HP: 28/28 MP: 3/5
   461 | D:1      | Reached XP level 3. HP: 9/35 MP: 4/6
   514 | D:1      | Learned a level 3 spell: Spider Form
  1435 | D:2      | Reached XP level 4. HP: 30/42 MP: 3/8
  1496 | D:2      | Found a broken altar of Ashenzari.
  1496 | D:2      | Found a hide-covered altar of Uskayaw.
  1515 | D:2      | Became a worshipper of Uskayaw the Reveller
  1610 | D:2      | Reached * piety under Uskayaw
  1792 | D:3      | Reached skill level 4 in Unarmed Combat
  1809 | D:3      | Reached ** piety under Uskayaw
  2188 | D:3      | Mangled by an orc priest

Illustrated notes

Levels and vault maps discovered:
D:1:      elethiomel_arrival_maze, layout_basic
D:2:      layout_basic, chequers_temple_overflow_statue_of_worship
D:3:      layout_basic, makhleb_heckhound_becter

Skill      XL: |  1  2  3  4 |
---------------+-------------+-----
Unarmed Combat | 3 4 |  4.2
Fighting       | 2 |  2.0
Transmutations | 2 |  2.2
Spellcasting   | 3 |  3.3
Dodging        | |  1.7

Action                   |  1- 3 |  4- 6 || total
-------------------------+-------+-------++-------
Melee: Unarmed           |   112 |    47 ||   159
       Kick              |    16 |     9 ||    25
       Headbutt          |    11 |     6 ||    17
       Punch             |       |     2 ||     2
 Cast: Beastly Appendage |    24 |     9 ||    33
       Spider Form       |     2 |       ||     2
Invok: Stomp             |       |     1 ||     1
  Use: Scroll            |     2 |     1 ||     3
Armor: Robe              |    25 |    14 ||    39
Dodge: Dodged            |    52 |    29 ||    81
